 Dungeon Crawl Stone Soup version 0.29-a0-397-g846e4a0bbc (webtiles) character file.

Game seed: 13240478249282510388

5010 bande the Cleaver (level 10, -1/88 HPs)
             Began as a Hill Orc Fighter on May 12, 2022.
             Was a Priest of Okawaru.
             Slain by a two-headed ogre
             ... wielding a +0 giant spiked club
              (14 damage)
             ... on level 8 of the Dungeon.
             The game lasted 00:16:37 (7560 turns).

bande the Cleaver (Hill Orc Fighter)                Turns: 7560, Time: 00:16:37

Health: -1/88      AC: 28    Str: 22    XL:     10   Next: 54%
Magic:  0/14       EV:  6    Int: 11    God:    Okawaru [***...]
Gold:   388        SH:  6    Dex: 18    Spells: 9/9 levels left

rFire   . . .      SeeInvis .   a - +1 war axe
rCold   . . .      Faith    .   c - +0 buckler
rNeg    . . .      Spirit   +   k - +9 plate armour of Doecyhua {Regen+ Int+3}
rPois   .          Reflect  .   g - +0 helmet
rElec   .          Harm     .   B - +1 cloak {rCorr}
rCorr   +          Rampage  .   m - +0 pair of gloves
Will    .....                   r - +0 pair of boots
Stlth   ..........              s - amulet of guardian spirit
HPRegen 1.04/turn               i - +6 ring of dexterity
MPRegen 0.14/turn               p - ring of flight

@: flying
A: claws 1
a: Renounce Religion, Heroism


You were on level 8 of the Dungeon.
You worshipped Okawaru.
Okawaru was most pleased with you.
You visited 2 branches of the dungeon, and saw 9 of its levels.

You collected 388 gold pieces.

Inventory:

Hand Weapons
 a - a +1 war axe (weapon)
 v - a +0 flail of protection
 C - a +0 war axe
Armour
 c - a +0 buckler (worn)
 f - a +0 ring mail of fire resistance
 g - a +0 helmet (worn)
 k - the +9 plate armour of Doecyhua (worn) {Regen+ Int+3}
   (You acquired it on level 3 of the Dungeon)

   Int:       It affects your intelligence (+3).
   Regen:     It increases your rate of health regeneration.
 m - a +0 pair of gloves (worn)
 r - a +0 pair of boots (worn)
 B - a +1 cloak of preservation (worn)
Jewellery
 i - a +6 ring of dexterity (left hand)
 l - a ring of fire
 p - a ring of flight (right hand)
 s - an amulet of guardian spirit (around neck)
 w - a ring of protection from cold
 x - a ring of fire
 A - a ring of wizardry
Wands
 o - a wand of flame (22)
 z - a wand of polymorph (3)
Scrolls
 e - 3 scrolls of teleportation
 h - 3 scrolls of enchant weapon
 j - 2 scrolls of blinking
 y - 2 scrolls of fear
 D - a scroll of magic mapping
Potions
 b - a potion of invisibility
 d - a potion of might
 q - a potion of brilliance
 t - 4 potions of heal wounds
 u - a potion of curing


   Skills:
 + Level 8.0 Fighting
 + Level 13.6 Axes
 + Level 7.5 Armour
 - Level 0.1 Stealth
 + Level 5.7 Shields
 * Level 5.9 Invocations
 * Level 3.0 Evocations


You had 9 spell levels left.
You didn't know any spells.
Your spell library contained the following spells:

 Spells                   Type           Power      Damage    Failure   Level
 Static Discharge         Conj/Air       0%         N/A       100%        2
 Hailstorm                Conj/Ice       0%         3d3       100%        4
 Ice Form                 Ice/Tmut       0%         N/A       100%        4
 Lightning Bolt           Conj/Air       0%         1d11      100%        5
 Maxwell's Capacitive Co  Air            0%         ∞         100%        8
 Simulacrum               Ice/Necr       Unusable   N/A       N/A         6

Dungeon Overview and Level Annotations

Branches:
Dungeon (8/15)             Temple (1/1) D:4
   Lair: D:8-11

Altars:
Ashenzari
Cheibriados
Dithmenos
Fedhas
Gozag
Hepliaklqana
Kikubaaqudgha
Makhleb
Nemelex Xobeh
Okawaru
Qazlal
Sif Muna
Trog
Uskayaw
Vehumet
The Shining One

Shops:
D:8 *

Annotations:
D:8 3 runed translucent doors, Bediveer's ghost, novice FoFi


Innate Abilities, Weirdness & Mutations

You have sharp fingernails.


Message History

The two-headed ogre hits you but does no damage.
The two-headed ogre hits you with a +0 giant club!!
You closely miss the two-headed ogre. You hit the two-headed ogre.
The two-headed ogre is lightly wounded.
The two-headed ogre hits you with a +0 giant spiked club!
You block the two-headed ogre's attack.
You slash the two-headed ogre!
The two-headed ogre is moderately wounded.
You hit the two-headed ogre but do no damage.
The two-headed ogre is moderately wounded.
The two-headed ogre barely misses you. x2
You hit the two-headed ogre.
The two-headed ogre is moderately wounded.
You block the two-headed ogre's attack.
The two-headed ogre hits you but does no damage.
You slash the two-headed ogre!
The two-headed ogre is severely wounded.
You barely miss the two-headed ogre.
The two-headed ogre is severely wounded.
The two-headed ogre hits you but does no damage.
The two-headed ogre hits you with a +0 giant club!!
You barely miss the two-headed ogre.
The two-headed ogre is heavily wounded.
You hit the two-headed ogre.
The two-headed ogre is severely wounded.
The two-headed ogre hits you with a +0 giant spiked club.
The two-headed ogre hits you but does no damage.
You hit the two-headed ogre.
The two-headed ogre is severely wounded.
You closely miss the two-headed ogre.
The two-headed ogre is severely wounded.
You block the two-headed ogre's attack.
The two-headed ogre hits you with a +0 giant club!
You hit the two-headed ogre but do no damage.
The two-headed ogre is severely wounded.
The two-headed ogre hits you with a +0 giant spiked club!!
* * * LOW HITPOINT WARNING * * *
The two-headed ogre hits you with a +0 giant club!
You die...

#.# #.###.....#
##+## ###.#
#.....#####
....# ###.###
##### #.# #.#
#.######
#......#####
###........##.#
#.##.@O......
#.######.##.#
#.# # #.. ###
############
...........#


You could see a two-headed ogre.

Vanquished Creatures
  A boulder beetle (D:7)
  Joseph (D:7)
  2 hornets (D:7)
  A wyvern (D:8)
  A shadow (D:8)
  6 yaks
  Eustachio (D:6)
  A steam dragon (D:8)
  The ghost of tife0686 the Ruffian, an amateur GrMo of the Shining One (D:4)
  An acid dragon (D:8)
  A water moccasin (D:5)
  A sky beast (D:7)
  A black bear (D:4)
  An ice beast (D:7)
  3 ogres
  A centaur (D:3)
  A phantom (D:7)
  3 bullfrogs
  A kobold brigand (D:6)
  5 scorpions
  A gnoll sergeant (D:8)
  A howler monkey (D:6)
  5 hounds
  Crazy Yiuf (D:7)
  A gnoll shaman (D:8)
  3 iguanas
  2 orc wizards
  12 gnolls
  6 adders
  A shadow imp (D:7)
  A white imp (D:6)
  An ufetubus (D:4)
  4 worms
  A dart slug (D:4)
  19 orcs
  5 ball pythons
  8 bats
  9 endoplasms
  3 giant cockroaches
  9 goblins
  10 hobgoblins
  8 jackals
  9 kobolds
  4 quokkas
  4 frilled lizards
  10 rats
172 creatures vanquished.

Notes
Turn   | Place    | Note
-------+----------+-------------------------------------------
     0 | D:1      | bande the Hill Orc Fighter began the quest for the Orb.
     0 | D:1      | Reached XP level 1. HP: 19/19 MP: 1/1
    89 | D:1      | Reached XP level 2. HP: 27/27 MP: 2/2
   265 | D:1      | Reached XP level 3. HP: 12/33 MP: 3/3
   382 | D:1      | Reached skill level 3 in Axes
  1208 | D:2      | Reached skill level 4 in Axes
  1208 | D:2      | Reached XP level 4. HP: 20/40 MP: 4/4
  2503 | D:3      | Identified a scroll of acquirement
  2503 | D:3      | Acquired the +9 plate armour of Doecyhua {Regen+ Int+3}
  2745 | D:3      | Noticed a centaur
  2755 | D:3      | Killed a centaur
  2756 | D:3      | Reached skill level 5 in Axes
  2756 | D:3      | Reached XP level 5. HP: 27/47 MP: 5/5
  3285 | D:3      | Reached skill level 6 in Axes
  3285 | D:3      | Reached XP level 6. HP: 53/53 MP: 6/6
  3501 | D:4      | Found a staircase to the Ecumenical Temple.
  3512 | Temple   | Entered the Ecumenical Temple
  3661 | D:4      | Reached skill level 7 in Axes
  3661 | D:4      | Reached skill level 5 in Armour
  3661 | D:4      | Reached XP level 7. HP: 41/60 MP: 7/7
  3924 | D:4      | Found a runed translucent door.
  3927 | D:4      | Noticed tife0686's ghost (amateur GrMo)
  4013 | D:4      | Noticed a yak
  4013 | D:4      | Noticed a yak
  4013 | D:4      | Noticed a yak
  4024 | D:4      | Killed a yak
  4025 | D:4      | Reached skill level 5 in Fighting
  4030 | D:4      | Killed a yak
  4031 | D:4      | Reached skill level 8 in Axes
  4042 | D:4      | Killed a yak
  4043 | D:4      | Reached XP level 8. HP: 69/69 MP: 8/8
  4128 | D:4      | Reached skill level 9 in Axes
  4251 | D:4      | Killed tife0686's ghost
  4278 | D:5      | Entered Level 5 of the Dungeon
  4286 | D:5      | Reached skill level 10 in Axes
  4395 | D:5      | Found a hazy altar of Hepliaklqana.
  4590 | D:5      | Found a shadowy altar of Dithmenos.
  4990 | D:5      | Found an iron altar of Okawaru.
  5001 | D:5      | Became a worshipper of Warmaster Okawaru
  5110 | D:6      | Gained mutation: You are clumsy. (Dex -2) [potion of
                  | mutation]
  5110 | D:6      | Gained mutation: Your mind is acute. (Int +2) [potion of
                  | mutation]
  5111 | D:6      | Lost mutation: You are clumsy. (Dex -2) [potion of
                  | mutation]
  5111 | D:6      | Lost mutation: Your mind is acute. (Int +2) [potion of
                  | mutation]
  5111 | D:6      | Gained mutation: You have sharp fingernails. [potion of
                  | mutation]
  5174 | D:6      | Noticed Eustachio
  5200 | D:6      | Reached skill level 11 in Axes
  5200 | D:6      | Reached skill level 1 in Invocations
  5202 | D:6      | Killed Eustachio
  5203 | D:6      | Reached skill level 5 in Shields
  5203 | D:6      | Reached XP level 9. HP: 60/78 MP: 7/10
  5661 | D:7      | Found a runed translucent door.
  5672 | D:7      | Noticed Crazy Yiuf
  5789 | D:7      | Noticed a boulder beetle
  5813 | D:7      | Found a radiant altar of Vehumet.
  5826 | D:7      | Killed a boulder beetle
  5826 | D:7      | Reached * piety under Okawaru
  5827 | D:7      | Reached skill level 12 in Axes
  6136 | D:7      | Noticed Joseph
  6145 | D:7      | Reached skill level 1 in Evocations
  6157 | D:7      | Killed Joseph
  6157 | D:7      | Reached ** piety under Okawaru
  6158 | D:7      | Reached skill level 13 in Axes
  6158 | D:7      | Reached XP level 10. HP: 50/86 MP: 5/13
  6365 | D:7      | Reached skill level 5 in Invocations
  6609 | D:7      | Identified the +2 falchion of Henumyaf {freeze, rC+ Will-
                  | rCorr Int+2}
  6677 | D:7      | Found a sparkling altar of Nemelex Xobeh.
  6957 | D:7      | Killed Crazy Yiuf
  7070 | D:8      | Found a blossoming altar of Fedhas.
  7183 | D:8      | Reached *** piety under Okawaru
  7234 | D:8      | Found a runed translucent gate.
  7234 | D:8      | Found a runed translucent gate.
  7234 | D:8      | Found a runed translucent gate.
  7239 | D:8      | Noticed Bediveer's ghost (novice FoFi)
  7398 | D:8      | Found Ymyim's General Store.
  7543 | D:8      | Noticed a two-headed ogre
  7560 | D:8      | Slain by a two-headed ogre

Illustrated notes

Levels and vault maps discovered:
D:1:      eino_arrival_cavern_d, layout_basic, kennysheep_decorative_pillar
D:2:      layout_basic
D:3:      layout_basic
D:4:      layout_rooms, minmay_temple_entry_grid, ebering_ghost_sewer_d,
          chequers_serial_rivers_small_a
D:5:      layout_cave_pods, okawaru_metal_pillars_1_2, lemuel_round_altar,
          mainiacjoe_overflow_alcove_2, cheibrodos_gnoll_hut
D:6:      layout_basic, uniq_eustachio
D:7:      layout_gridville, vehumet_altar_wand_db, nemelex_dance_club_becter,
          uniq_joseph, uniq_crazy_yiuf_cottage
D:8:      layout_loops_corners, mainiacjoe_overflow_cross_hatched,
          gammafunk_temple_overflow_elements, gammafunk_ghost_spectres,
          serial_shops, shop
Temple:   zaba_magenta_temple

Skill      XL: |  1  2  3  4  5  6  7  8  9 10 |
---------------+-------------------------------+-----
Armour         | 4 5 6 7 |  7.5
Axes           | 4 5 6 7 8 11 13 | 13.6
Fighting       | 4 5 6 7 8 |  8.0
Shields        | 4 5 |  5.7
Invocations    | 1 4 5 |  5.9
Evocations     | 1 3 |  3.0
Stealth        | |  0.1

Action                   |  1- 3 |  4- 6 |  7- 9 | 10-12 || total
-------------------------+-------+-------+-------+-------++-------
Melee: War axe           |    86 |   137 |   235 |   128 ||   586
  Use: Scroll            |     4 |     6 |     6 |     3 ||    19
       Potion            |       |       |     4 |       ||     4
Armor: Scale mail        |    57 |    17 |       |       ||    74
       Plate armour      |       |    83 |   175 |    69 ||   327
Dodge: Dodged            |    70 |    49 |    53 |    21 ||   193
Block: Buckler           |    30 |    52 |    61 |    26 ||   169

Table legend: (Time is in decaauts)
 A = Elapsed time spent in this place.
 B = Non-inter-level travel time spent in this place.
 C = Inter-level travel time spent in this place.
 D = Time resting spent in this place.
 E = Time spent auto-exploring this place.
 F = Levels seen in this place.
 G = Mean time per level.
                   A        B        C        D        E       F      G
               +--------+--------+--------+--------+--------+-----+--------+
         Total |   7631 |   7462 |    169 |    983 |   4850 |   9 |  847.9 |
       Dungeon |   7533 |   7364 |    169 |    983 |   4850 |   8 |  941.6 |
        Temple |     97 |     97 |      0 |      0 |      0 |   1 |   97.0 |
               +--------+--------+--------+--------+--------+-----+--------+

Top non-repeatable levels by time:
     D:2: 1446 daAuts
     D:7: 1380 daAuts
     D:1: 1070 daAuts
     D:3: 881 daAuts
     D:4: 864 daAuts
     D:5: 804 daAuts
     D:6: 544 daAuts
     D:8: 541 daAuts
  Temple: 97 daAuts
